 Dungeon Crawl Stone Soup version 0.31-a0-232-gb1c03b2570 (webtiles) character file.

Game seed: 10831009509317148953

120 qw the Shooter (level 4, 0/36 HPs)
             Began as a Minotaur Hexslinger on July 7, 2023.
             Slain by a gnoll
             ... wielding a +0 club
              (5 damage)
             ... on level 4 of the Dungeon.
             The game lasted 00:00:57 (1953 turns).

qw the Shooter (Minotaur Hexslinger)                Turns: 1953, Time: 00:00:57

Health: 0/36       AC:  6    Str: 13    XL:     4   Next: 75%
Magic:  4/4        EV: 11    Int: 10    God:
Gold:   240        SH:  5    Dex: 14    Spells: 4/5 levels left

rFire   . . .        Y - +3 sling
rCold   . . .        (no shield)
rNeg    . . .        m - +0 ring mail
rPois   .            (helmet restricted)
rElec   .            f - +0 cloak
rCorr   .            (no gloves)
SInv    .            (no boots)
Will    +....        a - amulet of reflection
Stlth   +            e - ring of willpower
HPRegen 0.26/turn    (no ring)
MPRegen 0.09/turn

%: reflection
@: no status effects
A: horns 2, retaliatory headbutt
a: no special abilities


You were on level 4 of the Dungeon.
You visited 1 branch of the dungeon, and saw 4 of its levels.

You collected 240 gold pieces.


Innate Abilities, Weirdness & Mutations

You have a pair of horns on your head.
You reflexively headbutt those who attack you in melee.


   Skills:
 + Level 2.1 Fighting
 - Level 5.0 Ranged Weapons
 - Level 1.2 Armour
 - Level 2.1 Dodging
 - Level 1.0 Spellcasting
 - Level 2.0 Hexes


You had 4 spell levels left.
You knew the following spells:

 Your Spells              Type           Power      Damage    Failure   Level
a - Slow                  Hex            16%        N/A       32%         1

Your spell library contained the following spells:

 Spells                   Type           Power      Damage    Failure   Level
 Inner Flame              Hex/Fire       2%         N/A       82%         3
 Portal Projectile        Hex/Tloc       4%         N/A       82%         3
 Cause Fear               Hex            2%         N/A       97%         4

Inventory:

Hand Weapons
 Y - a +3 sling (weapon)
Armour
 f - a +0 cloak (worn)
 m - a +0 ring mail (worn)
Jewellery
 a - an amulet of reflection (around neck)
 e - a ring of willpower (left hand)
Scrolls
 b - a scroll of blinking {unknown}
 j - a scroll of identify
Potions
 d - a potion of brilliance {unknown}
 g - a potion of lignification {unknown}
 h - a potion of berserk rage {unknown}
 i - a potion of degeneration {unknown}
 k - a potion of curing {unknown}

Dungeon Overview and Level Annotations

Branches:
Dungeon (4/15)
 Temple: D:4-7

Altars:


Message History

You shoot a sling bullet. The sling bullet hits the goblin!
You kill the goblin!
The gnoll hits you from afar with a +0 spear.
The gnoll closely misses you.
You shoot a sling bullet.
The sling bullet closely misses the gnoll.
The gnoll hits you from afar with a +0 spear.
You shoot a sling bullet. The gnoll shouts!
The sling bullet hits the gnoll but does no damage.
The gnoll is severely wounded.
A giant cockroach comes into view.
The gnoll hits you from afar with a +0 halberd.
The gnoll closely misses you.
You shoot a sling bullet. The sling bullet hits the gnoll.
The gnoll is almost dead.
The gnoll barely misses you.
The gnoll hits you but does no damage. x2
The gnoll barely misses you.
You shoot a sling bullet.
The sling bullet barely misses the gnoll.
The gnoll hits you from afar with a +0 halberd!
The gnoll closely misses you.
You shoot a sling bullet.
The sling bullet barely misses the gnoll.
The gnoll misses you.
The gnoll hits you from afar with a +0 spear.
You shoot a sling bullet.
The sling bullet hits the giant cockroach.
You kill the giant cockroach!
The gnoll hits you from afar with a +0 halberd.
You block the gnoll's attack.
You shoot a sling bullet. The sling bullet hits the gnoll.
You kill the gnoll!
The gnoll hits you from afar with a +0 halberd!
You block the gnoll's attack.
Your Armour skill increases to level 1!
You shoot a sling bullet. The sling bullet hits the gnoll!
The gnoll is severely wounded.
The gnoll hits you with a +0 club.
You die...

. #####..............
.g #.......####.#.....
.g.##.####..####.#.###.
g...#.####.......#.# ##
...........######.#
.###....##.# #.#
#)#g....# #.# #.g.###.#
... #.@.....# ...
##)###### ... ... #..##
#... #:.. #... #....


You could see 2 gnolls.

Vanquished Creatures
  A gnoll (D:4)
  4 adders
  2 dart slugs (D:1)
  2 worms
  2 orcs (D:3)
  7 bats
  5 endoplasms
  3 giant cockroaches
  6 goblins
  5 hobgoblins
  2 jackals (D:2)
  3 quokkas (D:1)
  6 ball pythons
  6 kobolds
  7 rats
61 creatures vanquished.

Notes
Turn   | Place    | Note
-------+----------+-------------------------------------------
     0 | D:1      | qw the Minotaur Hexslinger began the quest for the Orb.
     0 | D:1      | Reached XP level 1. HP: 16/16 MP: 1/1
     0 | D:1      | 0 ||| qw: Version: 0.3-a-46-gb1f654a
     0 | D:1      | 0 ||| qw: Game counter: 2221
     0 | D:1      | 0 ||| qw: Melee chars always use a shield: true
     0 | D:1      | 0 ||| qw: God list: Okawaru
     0 | D:1      | 0 ||| qw: Allow faded altars: false
     0 | D:1      | 0 ||| qw: Do Orc after clearing Dungeon:15 true
     0 | D:1      | 0 ||| qw: Do second Lair branch before Depths: true
     0 | D:1      | 0 ||| qw: Lair rune preference: random
     0 | D:1      | 0 ||| qw: Goals: Normal
     0 | D:1      | 0 ||| PLANNING D:1-11
   115 | D:1      | Reached skill level 3 in Ranged Weapons
   125 | D:1      | Reached XP level 2. HP: 23/23 MP: 2/2
   499 | D:1      | Found a faded altar of an unknown god.
   516 | D:1      | 516 ||| READING scroll labelled HUSASE AR WINN.
   517 | D:1      | 517 ||| READING scroll labelled PURAJA MOCUAN.
   518 | D:1      | 518 ||| READING scroll labelled ASHRYV CESM.
   522 | D:1      | 522 ||| READING scroll labelled CEIXAV SYICZI.
   522 | D:1      | Identified a scroll of acquirement
   522 | D:1      | 522 ||| ACQUIRING amulet of reflection
   522 | D:1      | Acquired an amulet of reflection
   524 | D:1      | 524 ||| UPGRADING to amulet of reflection.
   529 | D:1      | 529 ||| READING scroll labelled SURIBBYUMO.
   530 | D:1      | 530 ||| READING 2 scrolls labelled USUFODUATHRALAH.
   531 | D:1      | 531 ||| DROPPING scroll of poison.
   669 | D:2      | Reached XP level 3. HP: 29/29 MP: 3/3
   733 | D:2      | Reached skill level 4 in Ranged Weapons
  1049 | D:2      | 1049 ||| UPGRADING to +0 cloak.
  1054 | D:2      | 1054 ||| UPGRADING to ring of willpower.
  1055 | D:2      | 1055 ||| READING scroll labelled GOFEIF FIRU.
  1160 | D:2      | Reached XP level 4. HP: 36/36 MP: 4/4
  1619 | D:3      | Reached skill level 5 in Ranged Weapons
  1642 | D:3      | 1642 ||| READING scroll of enchant weapon.
  1642 | D:3      | 1642 ||| ENCHANTING +2 sling.
  1851 | D:3      | 1851 ||| UPGRADING to +0 leather armour.
  1861 | D:3      | 1861 ||| DROPPING +0 robe.
  1862 | D:3      | 1862 ||| UPGRADING to +0 ring mail.
  1872 | D:3      | 1872 ||| DROPPING +0 leather armour.
  1873 | D:3      | 1873 ||| READING 2 scrolls of identify.
  1873 | D:3      | 1873 ||| IDENTIFYING bubbling ruby potion
  1874 | D:3      | 1874 ||| DROPPING potion of attraction.
  1937 | D:4      | 1937 ||| Stepping ~*~*~tactically~*~*~ (outnumbered).
  1952 | D:4      | HP: 4/36 [gnoll/+0 halberd (7)]
  1953 | D:4      | Reached skill level 1 in Armour
  1953 | D:4      | Slain by a gnoll

Levels and vault maps discovered:
D:1:      roderic_octagonal_star, layout_rooms,
          hellmonk_ecumenical_altar_lost_god
D:2:      layout_loops_ring, minmay_puff
D:3:      layout_loops_ring
D:4:      layout_loops_cross, kennysheep_generic_room_8

Skill      XL: |  1  2  3  4 |
---------------+-------------+-----
Ranged Weapons | 3 4 5 |  5.0
Fighting       | 2 |  2.1
Armour         | 1 |  1.2
Dodging        | |  2.1
Spellcasting   | |  1.0
Hexes          | |  2.0

Action                     |  1- 3 |  4- 6 || total
---------------------------+-------+-------++-------
   Fire: Sling             |   103 |    66 ||   169
    Use: Scroll            |     7 |     2 ||     9
 Armour: Robe              |     5 |     3 ||     8
         Ring mail         |       |     2 ||     2
  Dodge: Dodged            |    29 |    12 ||    41
  Block: Other             |     2 |     4 ||     6

Table legend:
 A = Non-vault XP
 B = Vault XP
 C = Vault XP percentage of total XP
 D = Non-vault monster count
 E = Vault monster count
 F = Vault count percentage of total count
                 A         B        C        D         E       F
            +---------+---------+-------+---------+---------+-------
      Total |     144 |      28 |  16.3 |      58 |       3 |   4.9
            +---------+---------+-------+---------+---------+-------
        D:1 |      35 |       0 |   0.0 |      19 |       0 |   0.0
        D:2 |      45 |      28 |  38.4 |      19 |       3 |  13.6
        D:3 |      43 |       0 |   0.0 |      15 |       0 |   0.0
        D:4 |      21 |       0 |   0.0 |       5 |       0 |   0.0
            +---------+---------+-------+---------+---------+-------
